 Dungeon Crawl Stone Soup version 0.19-a0-1720-gc855d72 (webtiles) character file.

7297 Lochraine the Nimble (level 11, -1/83 HPs)
             Began as a Merfolk Gladiator on Sept 28, 2016.
             Was a Priest of Hepliaklqana.
             Slain by a 15-headed hydra (6 damage)
             ... on level 1 of the Lair of Beasts on Sept 29, 2016.
             The game lasted 00:51:07 (9707 turns).

Lochraine the Nimble (Merfolk Gladiator)            Turns: 9707, Time: 00:51:09

Health: -1/83      AC: 15    Str: 13 (15) XL:     11   Next: 13%
Magic:  16/16      EV: 19    Int:  7 (10) God:    Hepliaklqana [***...]
Gold:   598        SH:  0    Dex: 16 (18) Spells: 0 memorised, 10 levels left

rFire  + . .     SeeInvis .     M - +1 halberd
rCold  x . .     Gourm    .     K - +3 ring mail of Polytheism {*Slow rPois rN++ Dex+2}
rNeg   + + .     Faith    .     (shield currently unavailable)
rPois  +         Spirit   .     c - +0 helmet
rElec  .         Dismiss  .     n - +0 cloak
rCorr  .         Reflect  .     (no gloves)
MR     .....     Harm     .     o - +2 pair of boots {run}
Stlth  +.........               (no amulet)
                                (no ring)
                                E - ring of fire

@: quick
A: change form in water, swift swim, stealthy swim, reduced essence
a: Recall Ancestor, Ancestor Identity, Transference, Renounce Religion


You were on level 1 of the Lair of Beasts.
You worshipped Hepliaklqana.
Hepliaklqana was most pleased with you.
You were hungry.

You visited 3 branches of the dungeon, and saw 11 of its levels.
You also visited: Ossuary.

You collected 836 gold pieces.
You spent 238 gold pieces at shops.

Inventory:

Hand Weapons
 l - the cursed +1 trident "Takh" {pierce, Str+7}
   (You bought it in a shop on level 7 of the Dungeon)

   It inflicts extra damage upon your enemies.
   It affects your strength (+7).
   It has a curse placed upon it.
 H - a +4 vampiric spear
 J - a +1 whip of electrocution
 M - a +1 halberd (weapon)
Missiles
 d - 4 throwing nets (quivered)
Armour
 c - a +0 helmet (worn)
 n - a +0 cloak (worn)
 o - a +2 pair of boots of running (worn)
 C - the +4 robe of Seotuul {rElec}
   (You found it on level 6 of the Dungeon)

   It insulates you from electricity.
 K - the +3 ring mail of Polytheism (worn) {*Slow rPois rN++ Dex+2}
   (You found it on level 8 of the Dungeon)

   It affects your dexterity (+2).
   It protects you from poison.
   It greatly protects you from negative energy.
   It may slow you when you take damage.
Magical Staves
 N - an uncursed staff of power
Jewellery
 E - a ring of fire (left hand)
 O - a cursed amulet of inaccuracy {unknown}
Wands
 a - a wand of paralysis (7/24)
 G - a wand of flame (11/48)
 L - a wand of slowing (10/48)
Scrolls
 h - a scroll of fear {unknown}
 i - 2 scrolls of recharging
 j - 2 scrolls of magic mapping {unknown}
 k - 2 scrolls of blinking
 m - a scroll of identify
 q - a scroll of noise {unknown}
 r - 9 scrolls of remove curse
 v - a scroll of random uselessness
 w - 2 scrolls of amnesia
 y - a scroll of teleportation
 z - a scroll of holy word {unknown}
 D - a scroll of enchant armour {unknown}
 I - a scroll of fog
Potions
 b - 2 potions of curing
 e - a potion of lignification
 p - 2 potions of ambrosia
 s - a potion of invisibility {unknown}
 u - a potion of agility {unknown}
 x - 2 potions of brilliance {unknown}
 A - 4 potions of degeneration
 F - 2 potions of might {unknown}
Books
 B - a book of the Dragon

   Spells                             Type                      Level
   a - Flame Tongue                   Conjuration/Fire             1
   b - Cause Fear                     Hexes                        4
   c - Bolt of Fire                   Conjuration/Fire             6
   d - Dragon Form                    Transmutation                7
   e - Dragon's Call                  Summoning                    9
Comestibles
 f - 9 bread rations
 g - 28 fruits
 t - 4 meat rations


   Skills:
 - Level 11.0 Fighting
 + Level 7.0 Polearms
 - Level 2.0 Throwing
 - Level 4.4 Armour
 - Level 12.4 Dodging
 - Level 0.8 Stealth
 - Level 7.3 Invocations


You had 10 spell levels left.
You didn't know any spells.

Dungeon Overview and Level Annotations

Branches:
Dungeon (9/15)             Temple (1/1) D:7            Lair (1/6) D:9
    Orc: D:9-12

Altars:
Ashenzari
Cheibriados
Dithmenos
Elyvilon
Fedhas
Gozag
Hepliaklqana
Kikubaaqudgha
Makhleb
Nemelex Xobeh
Okawaru
Qazlal
Ru
Sif Muna
Trog
Uskayaw
Vehumet
Xom
Yredelemnul
Zin
The Shining One

Shops:
D:6 (   D:7 [}(*

Annotations:
D:3 slayr's ghost, amateur MfGl
D:7 4 runed doors
Lair:1 Erica


Message History

The 15-headed hydra closely misses you. The 15-headed hydra misses you.
The 15-headed hydra barely misses you.
Unknown command.
Press: ? - help, v - describe, . - travel
Here: a 15-headed hydra The floor.
You closely miss something. Something barely misses you.
The 15-headed hydra bites you but does no damage.
The 15-headed hydra bites you.
* * * LOW HITPOINT WARNING * * *
The 15-headed hydra barely misses you. The 15-headed hydra bites you!
* * * LOW HITPOINT WARNING * * *
The 15-headed hydra bites you but does no damage. x2
The 15-headed hydra bites you.
* * * LOW HITPOINT WARNING * * *
The 15-headed hydra barely misses you. The 15-headed hydra bites you.
* * * LOW HITPOINT WARNING * * *
The 15-headed hydra bites you but does no damage.
The 15-headed hydra bites you.
You die...

............ ................P
...................(............#
................................#
................................#
................................#
.......................[........#
................................#
...<...................(........#
................@D.[............#
..##.###P#####.#..#.#######.##..#
..#### ## # ###### #####.#
..######### ### ### ##.#
..##.P#..^#######P####.#######..#
................................#
...[...........................>#
########.#..P#..###.#####.#.#####
# ########## ### #####


You could see a 15-headed hydra.

Vanquished Creatures
  2 trolls (D:9)
  A hippogriff (D:9)
  7 yaks
  3 hungry ghosts
  4 water moccasins
  4 orc warriors (D:8)
  3 ice beasts
  A black bear (Lair:1)
  3 phantoms
  7 ogres
  A necrophage (D:8)
  4 wolves (D:8)
  A crocodile (Lair:1)
  2 big kobolds
  A gnoll sergeant (D:7)
  3 bullfrogs
  2 scorpions
  A wyvern skeleton (D:8)
  5 killer bees (D:4)
  6 crimson imps
  A centaur zombie (Ossuary)
  A quasit (D:5)
  3 hounds
  2 jellies
  6 orc wizards
  3 orc priests
  An iguana (D:6)
  2 worker ants
  6 big kobold zombies (Ossuary)
  5 mummies
  Robin (D:2)
  6 gnolls
  A howler monkey skeleton (D:6)
  2 adders
  3 shadow imps
  2 oozes
  An adder zombie (D:6)
  An adder skeleton (D:6)
  4 worms
  3 dart slugs
  2 leopard geckos
  27 orcs
  3 ball pythons
  6 giant cockroaches
  13 goblins
  6 hobgoblins
  8 jackals
  13 kobolds
  2 quokkas
  12 bats
  2 frilled lizards (D:1)
  2 hobgoblin zombies (Ossuary)
  2 jackal skeletons
  7 rats
  A fungus (D:9)
221 creatures vanquished.

Vanquished Creatures (collateral kills)
  3 yaks
  Grum (D:8)
  A steam dragon (D:9)
  A crocodile (Lair:1)
  A bullfrog (D:9)
  A bullfrog skeleton (D:9)
  A killer bee zombie (D:9)
  A shadow imp (D:9)
  An orc (D:8)
  2 bats (D:9)
  A kobold (D:8)
  A rat (D:9)
  2 fungi (D:9)
17 creatures vanquished.

Vanquished Creatures (others)
  7 knights
  5 ancestors
  22 fungi (D:9)
  4 plants (D:9)
38 creatures vanquished.

Grand Total: 276 creatures vanquished

Notes
Turn   | Place    | Note
-------+----------+-------------------------------------------
     0 | D:1      | Lochraine the Merfolk Gladiator began the quest for the Orb.
     0 | D:1      | Reached XP level 1. HP: 16/16 MP: 1/1
   212 | D:1      | Reached skill level 5 in Polearms
   279 | D:1      | Reached XP level 2. HP: 22/22 MP: 2/2
   408 | D:1      | Reached XP level 3. HP: 26/27 MP: 3/3
   450 | D:1      | Identified a +2 pair of boots of running (You found it on level 1 of the Dungeon)
  1064 | D:2      | Noticed Robin
  1115 | D:2      | Reached XP level 4. HP: 25/33 MP: 4/4
  1127 | D:2      | Killed Robin
  1877 | D:3      | Noticed slayr's ghost (amateur MfGl)
  2086 | D:3      | Reached XP level 5. HP: 38/38 MP: 5/5
  2339 | D:3      | Reached skill level 5 in Dodging
  2997 | D:4      | Reached XP level 6. HP: 49/49 MP: 6/6
  3002 | D:4      | Reached skill level 5 in Fighting
  3018 | D:4      | Reached XP level 7. HP: 35/58 MP: 7/7
  3237 | D:5      | Entered Level 5 of the Dungeon
  3632 | D:5      | You fall through a shaft!
  3632 | D:6      | Found Hitoxt's Antique Weapon Shop.
  3869 | D:6      | Got a fine robe
  3871 | D:6      | Identified the +4 robe of Seotuul {rElec} (You found it on level 6 of the Dungeon)
  3887 | D:6      | Found a white marble altar of Elyvilon.
  3915 | D:6      | Reached XP level 8. HP: 42/69 MP: 8/8
  3949 | D:6      | Found a sand-covered staircase.
  4094 | Ossuary  | Entered an ossuary
  4722 | D:7      | Found Reicap's Antique Armour Shoppe.
  4730 | D:7      | Found an opulent altar of Gozag.
  4741 | D:7      | Reached skill level 10 in Fighting
  4875 | D:7      | Found Geruocig's Gadget Shoppe.
  4888 | D:7      | Found a staircase to the Ecumenical Temple.
  4896 | Temple   | Entered the Ecumenical Temple
  4941 | Temple   | Became a worshipper of Hepliaklqana
  5021 | D:7      | Noticed a polar bear
  5022 | D:7      | Found a huge runed gate.
  5022 | D:7      | Noticed a hippogriff
  5022 | D:7      | Noticed a polar bear
  5023 | D:7      | Found a huge runed gate.
  5023 | D:7      | Found a huge runed gate.
  5023 | D:7      | Found a huge runed gate.
  5023 | D:7      | Noticed a hippogriff
  5024 | D:7      | Noticed a yak
  5025 | D:7      | Noticed a hippogriff
  5025 | D:7      | Noticed a polar bear
  5025 | D:7      | Noticed a hippogriff
  5025 | D:7      | Noticed a polar bear
  5026 | D:7      | Noticed a polar bear
  5031 | D:7      | Noticed a polar bear
  5162 | D:7      | Reached * piety under Hepliaklqana
  5192 | D:7      | Found a radiant altar of Vehumet.
  5204 | D:7      | Found Himousse's Antique Weapon Boutique.
  5219 | D:7      | Reached XP level 9. HP: 72/72 MP: 9/9
  5244 | D:7      | Reached skill level 1 in Invocations
  5312 | D:7      | Found Ovinuq's Assorted Antiques.
  5322 | D:7      | Bought a warped trident for 238 gold pieces
  5328 | D:7      | Identified the cursed +1 trident "Takh" {pierce, Str+7} (You bought it in a shop on level 7 of the Dungeon)
  5789 | D:8      | Reached skill level 5 in Invocations
  5798 | D:8      | Got a bloodstained ring mail
  5820 | D:8      | Identified the +3 ring mail of Polytheism {*Slow rPois rN++ Dex+2} (You found it on level 8 of the Dungeon)
  5853 | D:8      | Noticed a white ugly thing
  6585 | D:9      | Reached ** piety under Hepliaklqana
  6589 | D:9      | Found a staircase to the Lair.
  6643 | D:9      | Reached skill level 1 in Armour
  6881 | D:9      | Noticed a troll
  7010 | D:8      | Noticed Grum
  7010 | D:8      | Reached XP level 10. HP: 59/78 MP: 15/15
  7037 | D:8      | Killed Grum
  7463 | D:8      | Reached skill level 6 in Dodging
  7727 | D:8      | Reached skill level 7 in Dodging
  7799 | D:9      | Remembered your ancestor Aula as a knight
  7844 | D:9      | Reached skill level 8 in Dodging
  8177 | D:9      | Found a hide-covered altar of Uskayaw.
  8182 | D:9      | Reached skill level 9 in Dodging
  8659 | D:9      | Found an iron altar of Okawaru.
  8677 | D:9      | Reached skill level 10 in Dodging
  8774 | D:9      | Reached *** piety under Hepliaklqana
  8832 | D:9      | Reached skill level 11 in Dodging
  9098 | Lair:1   | Entered Level 1 of the Lair of Beasts
  9130 | D:9      | Reached XP level 11. HP: 83/83 MP: 16/16
  9231 | Lair:1   | Reached skill level 12 in Dodging
  9343 | Lair:1   | Noticed Erica
  9377 | Lair:1   | Upgraded the game from 0.19-a0-1714-gcab94ab to 0.19-a0-1720-gc855d72
  9596 | Lair:1   | Noticed a seven-headed hydra
  9707 | Lair:1   | Slain by a 15-headed hydra

Vault maps used:
D:1:      dpeg_arrival_erosion
D:2:      first_bread, uniq_robin
D:5:      minmay_misc_feat_roman
D:6:      old_standard_altar, serial_shops, shop, gup_ossuary_entry_pyramid
D:7:      lemuel_bear_cage, nicolae_gozag_seed_capital,
          nicolae_overflow_hidden_temple, serial_shops, shop, shop,
          nicolae_shop_overgrown_old_shop, nicolae_shop_behind_doors
D:8:      minmay_goldmine, uniq_grum
D:9:      okawaru_gym_becter, old_standard_altar, due_lair_maze_entry_diamond,
          blue_anna_alchemist, feat_on_display
Temple:   compressed_dpeg_circular_temple
Lair:1:   uniq_erica
Ossuary:  ossuary_the_hunt_dpeg

Skill      XL: |  1  2  3  4  5  6  7  8  9 10 11 |
---------------+----------------------------------+-----
Polearms       | 5 6 7 |  7.0
Dodging        | 5 11 12 | 12.4
Fighting       | 4 6 8 11 | 11.0
Invocations    | 7 |  7.3
Armour         | 3 4 |  4.4
Throwing       | |  2.0
Stealth        | |  0.8

Action                   |  1- 3 |  4- 6 |  7- 9 | 10-12 || total
-------------------------+-------+-------+-------+-------++-------
Melee: Trident           |    22 |       |       |       ||    22
       Spear             |    85 |   161 |   623 |    44 ||   913
       Whip              |       |       |       |   150 ||   150
       Halberd           |       |       |       |   132 ||   132
Throw: Throwing net      |       |       |     1 |       ||     1
Invok: Recall Ancestor   |       |       |     1 |     3 ||     4
       Ancestor Life: Kn |       |       |       |     1 ||     1
Evoke: Wand              |       |       |       |     3 ||     3
  Use: Scroll            |       |     6 |     3 |     5 ||    14
       Potion            |       |       |     5 |     6 ||    11
 Stab: Sleeping          |       |     1 |     3 |       ||     4
       Held in net/web   |       |       |     6 |       ||     6
       Distracted        |       |       |       |     2 ||     2
       Paralysed         |       |       |       |     6 ||     6
  Eat: Chunk             |       |     6 |    12 |    10 ||    28
       Fruit             |       |       |     4 |       ||     4
       Royal jelly       |       |       |     2 |       ||     2
       Beef jerky        |       |       |     1 |       ||     1
Armor: Leather armour    |     3 |       |       |       ||     3
       Ring mail         |    27 |    14 |    68 |   125 ||   234
       Robe              |       |     3 |    77 |       ||    80
Dodge: Dodged            |    45 |    68 |   222 |   262 ||   597
